 Dungeon Crawl Stone Soup version 0.29.0-4-gdea44cf6ec (webtiles) character file.

Game seed: 782612949926709641

87 qw the Chopper (level 4, 0/42 HPs)
             Began as a Gargoyle Berserker on Sept 8, 2022.
             Was a Believer of Trog.
             Slain by a gnoll
             ... wielding a +0 spear
              (2 damage)
             ... on level 3 of the Dungeon.
             The game lasted 00:00:45 (2476 turns).

qw the Chopper (Gargoyle Berserker)                 Turns: 2476, Time: 00:00:45

Health: 0/42       AC: 12    Str: 29    XL:     4   Next: 51%
Magic:  4/4        EV:  9    Int:  7    God:    Trog [**....]
Gold:   119        SH:  0    Dex:  9    Spells: 3/3 levels left

rFire   . . .      SeeInvis .   Y - +0 hand axe
rCold   . . .      Faith    .   (no shield)
rNeg    + . .      Spirit   .   b - +0 chain mail
rPois   inf        Reflect  .   (no helmet)
rElec   +          Harm     .   (no cloak)
rCorr   +          Rampage  .   (no gloves)
Will    .....                   (no boots)
Stlth   ..........              (no amulet)
HPRegen 0.14/turn               f - ring of resist corrosion
MPRegen 0.09/turn               k - +6 ring of strength

@: berserking, very quick
A: sickness immunity, AC +3, negative energy resistance 1, electricity
resistance, torment resistance 1, petrification resistance
a: Renounce Religion, Berserk, Trog's Hand


You were on level 3 of the Dungeon.
You worshipped Trog.
Trog was pleased with you.
You visited 1 branch of the dungeon, and saw 3 of its levels.

You collected 119 gold pieces.


Innate Abilities, Weirdness & Mutations

You are immune to sickness and miasma.
Your stone body is resilient. (AC +3)
You are immune to poison.
You resist negative energy. (rN+)
You are resistant to electric shocks. (rElec)
You are resistant to unholy torment.
You are immune to petrification.


   Skills:
 - Level 3.2 Fighting
 + Level 4.7 Axes
 - Level 2.1 Armour
 - Level 1.5 Dodging


You had 3 spell levels left.
You didn't know any spells.
Your spell library was empty.

Inventory:

Hand Weapons
 g - a +0 mace
 Y - a +0 hand axe (weapon)
Armour
 b - a +0 chain mail (worn)
Jewellery
 f - a ring of resist corrosion (left hand)
 k - a +6 ring of strength (right hand)
Potions
 c - a potion of brilliance {unknown}
 d - a potion of flight {unknown}
 e - a potion of curing
 i - a potion of heal wounds {unknown}

Dungeon Overview and Level Annotations

Branches:
Dungeon (3/15)

Altars:


Message History

You climb downwards.
The kobold shouts!
The gnoll shouts!
The orc wizard shouts!
The orc priest shouts!
There is a stone staircase leading up here.
There are monsters nearby!
Existing waypoints: (1) D:2 (2) D:1 Assign waypoint to what number? (0-9, D - delete waypoint) Waypoint 2 re-assigned from D:1 to D:3.
An orc priest comes into view. It is wielding a +0 mace.
An orc comes into view. It is wielding a +0 flail.
An orc priest comes into view. It is wielding a +0 club.
The orc priest looks satisfied for a moment.
The orc wizard casts a spell.
The orc wizard flickers and vanishes!
Deactivating autopickup; reactivate with Ctrl-A.
The orc shouts!
You slash the kobold!
You kill the kobold!
Trog accepts your kill.
The orc priest mumbles some strange prayers to Beogh against you.
Beogh smites you!
A gnoll comes into view. It is wielding a +0 whip.
The orc barely misses you.
Things that are here:
a +0 short sword; a kobold corpse
2475 ||| INVOKING Berserk.
You fail to use your ability.
The gnoll shouts!
The orc hits you but does no damage.
A gnoll comes into view. It is wielding a +0 spear.
The orc priest mumbles some strange prayers to Beogh against you.
Beogh smites you!
2476 ||| INVOKING Berserk.
A red film seems to cover your vision as you go berserk!
You feel yourself moving faster!
You feel mighty!
The gnoll shouts!
An orc comes into view. It is wielding a +0 dagger.
The orc hits you with a +0 flail.
The gnoll hits you from afar with a +0 spear.
You die...

# #. g##..####
# og.....<#.#
.....##.#.###.#
.##..g........#
#.###@#.#####
#o#.#


ooo # ..... ##...## ##.## #.# #.. You could see 3 orc priests, 3 gnolls and 2
orcs.

Vanquished Creatures
  4 adders (D:2)
  A worm (D:2)
  A dart slug (D:2)
  5 endoplasms
  3 giant cockroaches
  4 goblins (D:2)
  8 hobgoblins
  2 quokkas
  4 ball pythons
  3 bats (D:2)
  A frilled lizard (D:1)
  4 kobolds
  4 rats (D:1)
44 creatures vanquished.

Notes
Turn   | Place    | Note
-------+----------+-------------------------------------------
     0 | D:1      | qw the Gargoyle Berserker began the quest for the Orb.
     0 | D:1      | Reached XP level 1. HP: 14/14 MP: 1/1
     0 | D:1      | 0 ||| qw: Version: 0.1-a-112-g44dc6cd
     0 | D:1      | 0 ||| qw: Game counter: 6793
     0 | D:1      | 0 ||| qw: Always use a shield: true
     0 | D:1      | 0 ||| qw: Do Orc after D:15 true
     0 | D:1      | 0 ||| qw: Do second Lair branch before Depths: true
     0 | D:1      | 0 ||| qw: Lair rune preference: random
     0 | D:1      | 0 ||| qw: Plans: Normal
     0 | D:1      | 0 ||| PLANNING D:1-11
   164 | D:1      | 164 ||| INVOKING Berserk.
   389 | D:1      | Reached skill level 3 in Axes
   420 | D:1      | 420 ||| INVOKING Berserk.
   583 | D:1      | Reached XP level 2. HP: 16/19 MP: 2/2
   868 | D:1      | Found a faded altar of an unknown god.
  1038 | D:1      | 1038 ||| UPGRADING to +0 leather armour.
  1048 | D:1      | 1048 ||| DROPPING +0 animal skin.
  1049 | D:1      | 1049 ||| UPGRADING to +0 ring mail.
  1059 | D:1      | 1059 ||| DROPPING +0 leather armour.
  1060 | D:1      | 1060 ||| UPGRADING to ring of resist corrosion.
  1061 | D:1      | 1061 ||| READING 2 scrolls labelled ROMENOCITI.
  1062 | D:1      | 1062 ||| DROPPING scroll of noise.
  1071 | D:2      | 1071 ||| STAIRDANCE
  1245 | D:2      | 1245 ||| INVOKING Berserk.
  1247 | D:2      | Reached XP level 3. HP: 13/23 MP: 3/3
  1533 | D:2      | 1533 ||| INVOKING Berserk.
  1537 | D:2      | Reached skill level 4 in Axes
  1900 | D:2      | 1900 ||| Stepping ~*~*~tactically~*~*~ (stealth).
  1902 | D:2      | 1902 ||| Stepping ~*~*~tactically~*~*~ (stealth).
  1906 | D:2      | Reached XP level 4. HP: 28/28 MP: 4/4
  1907 | D:2      | 1907 ||| Stepping ~*~*~tactically~*~*~ (stealth).
  1928 | D:2      | 1928 ||| Stepping ~*~*~tactically~*~*~ (stealth).
  2040 | D:2      | 2040 ||| DROPPING +0 club.
  2093 | D:2      | 2093 ||| Stepping ~*~*~tactically~*~*~ (stealth).
  2141 | D:2      | 2141 ||| Stepping ~*~*~tactically~*~*~ (stealth).
  2169 | D:2      | Reached ** piety under Trog
  2431 | D:2      | 2431 ||| UPGRADING to +0 chain mail.
  2441 | D:2      | 2441 ||| DROPPING +0 ring mail.
  2442 | D:2      | 2442 ||| UPGRADING to +6 ring of strength.
  2443 | D:2      | 2443 ||| READING scroll labelled QEBUOM HACWU.
  2444 | D:2      | 2444 ||| READING scroll labelled DYROK ASCHOUTRU.
  2445 | D:2      | 2445 ||| DRINKING 2 glowing amethyst potions.
  2475 | D:3      | 2475 ||| INVOKING Berserk.
  2475 | D:3      | HP: 4/28 [orc priest/divine providence (12)]
  2476 | D:3      | 2476 ||| INVOKING Berserk.
  2476 | D:3      | Slain by a gnoll

Levels and vault maps discovered:
D:1:      erik_arrival_blinker_ship, layout_basic,
          hellmonk_ecumenical_altar_inner_sanctum
D:2:      layout_basic
D:3:      kennysheep_big_flooded_room, layout_loops_ring, gammafunk_ghost_smash,
          minmay_increasing_density

Skill      XL: |  1  2  3 |
---------------+----------+-----
Axes           | 3 4 |  4.7
Fighting       | |  3.2
Armour         | |  2.1
Dodging        | |  1.5

Action                   |  1- 3 |  4- 6 || total
-------------------------+-------+-------++-------
Melee: Hand axe          |   105 |    44 ||   149
Invok: Berserk           |     4 |     1 ||     5
  Use: Scroll            |     1 |     2 ||     3
       Potion            |       |     1 ||     1
Armor: Animal skin       |     9 |       ||     9
       Ring mail         |    23 |    18 ||    41
       Chain mail        |       |     1 ||     1
Dodge: Dodged            |    55 |    24 ||    79

Table legend:
 A = Non-vault XP
 B = Vault XP
 C = Vault XP percentage of total XP
 D = Non-vault monster count
 E = Vault monster count
 F = Vault count percentage of total count
                 A         B        C        D         E       F
            +---------+---------+-------+---------+---------+-------
      Total |     125 |       0 |   0.0 |      44 |       0 |   0.0
            +---------+---------+-------+---------+---------+-------
        D:1 |      24 |       0 |   0.0 |      16 |       0 |   0.0
        D:2 |     100 |       0 |   0.0 |      27 |       0 |   0.0
        D:3 |       1 |       0 |   0.0 |       1 |       0 |   0.0
            +---------+---------+-------+---------+---------+-------
